 Dungeon Crawl Stone Soup version 0.21.0-37-g46506fa5f3 (webtiles) character file.

53 Rrauwl the Insei (level 3, -5/18 HPs)
             Began as a Vine Stalker Transmuter on Jan 30, 2018.
             Slain by Sigmund
             ... wielding a +0 scythe
              (11 damage)
             ... on level 2 of the Dungeon.
             The game lasted 00:06:09 (1549 turns).

Rrauwl the Insei (Vine Stalker Transmuter)          Turns: 1549, Time: 00:06:10

Health: -5/18      AC:  3    Str: 12    XL:     3   Next: 87%
Magic:  0/8        EV: 12    Int: 14    God:
Gold:   54         SH:  0    Dex: 14    Spells: 6/7 levels left

rFire    . . .     SeeInvis .     - Unarmed
rCold    . . .     Gourm    .   (no shield)
rNeg     . . .     Faith    .   b - +0 robe
rPois    .         Spirit   +   (no helmet)
rElec    .         Reflect  .   (no cloak)
rCorr    .         Harm     .   (no gloves)
MR       .....                  g - +0 pair of boots
Stlth    +.........             (no amulet)
HPRegen  0.06/turn              (no ring)
MPRegen  0.11/turn              (no ring)

@: appendage
A: fangs 2, horns 2, magic shield, antimagic bite, no potion heal 3, rot
immunity
a: End Transformation


You were on level 2 of the Dungeon.
You were not hungry.
You had grown temporary horns.
You visited 1 branch of the dungeon, and saw 2 of its levels.

You collected 54 gold pieces.

Inventory:

Missiles
 a - 35 arrows
Armour
 b - a +0 robe (worn)
 g - a +0 pair of boots (worn)
Scrolls
 e - a scroll of identify
 h - a scroll of immolation
Books
 c - a book of Changes

   Spells                             Type                      Level
   a - Beastly Appendage              Transmutation                1
   b - Sticks to Snakes               Transmutation                2
   c - Spider Form                    Transmutation/Poison         3
   d - Ice Form                       Ice/Transmutation            4
   e - Blade Hands                    Transmutation                5
Comestibles
 d - 4 rations
 f - 2 chunks of flesh


   Skills:
 + Level 1.5 Fighting
 - Level 2.0 Dodging
 + Level 3.3 Unarmed Combat
 + Level 2.7 Spellcasting
 + Level 2.5 Transmutations


You had 6 spell levels left.
You knew the following spells:

 Your Spells              Type           Power        Failure   Level  Hunger
a - Beastly Appendage     Tmut           #.....       8%          1    #......


Dungeon Overview and Level Annotations

Branches:
Dungeon (2/15)

Altars:

Annotations:
D:2 Sigmund


Innate Abilities, Weirdness & Mutations

You have extremely sharp teeth.
When hurt, damage is shared between your health and your magic reserves.
Your bite disrupts and absorbs the magic of your enemies.
Potions cannot restore your health.
You are immune to rotting.
You have a pair of horns on your head.


Message History

The giant cockroach is moderately wounded.
Something hits you! The giant cockroach barely misses you.
You hit the kobold. Your bite misses the kobold.
The kobold is heavily wounded.
The kobold barely misses you.
The giant cockroach bites you but does no damage.
Something barely misses you.
You barely miss the kobold.
The kobold is heavily wounded.
The kobold hits you but does no damage.
The giant cockroach bites you but does no damage.
You hit the kobold.
You kill the kobold!
The giant cockroach bites you but does no damage.
Something hits you.
You hit the giant cockroach.
You kill the giant cockroach!
Something hits you!
Ouch! That really hurt!
You die...

#.#.#.#..##.#.##..###.
.........##.........#.
#........####.....#.#.
#.......... #.......#.
.. ..
#..###..#####.########
.....###...##..# #.#
.....#...#.##..#####)###
..#.......#..#....(..#
...8...8.@..........#
#...#...†..#.......#
##s###..#..#########
...#...#...#..#
..8...8...8.#..#
....#..)#......# ...
##.###.#..... # #..
......## ...8 .8....#


There were no monsters in sight!

Vanquished Creatures
  An adder (D:2)
  An ooze (D:1)
  A worm (D:1)
  A dart slug (D:1)
  2 leopard geckos
  2 bats
  A giant cockroach (D:2)
  4 goblins (D:1)
  7 hobgoblins
  2 kobolds
  A ball python (D:2)
  A frilled lizard (D:2)
  5 rats
29 creatures vanquished.

Notes
Turn   | Place    | Note
-------+----------+-------------------------------------------
     0 | D:1      | Rrauwl the Vine Stalker Transmuter began the quest for the Orb.
     0 | D:1      | Reached XP level 1. HP: 9/9 MP: 4/4
    19 | D:1      | Reached skill level 1 in Fighting
   485 | D:1      | Reached XP level 2. HP: 14/14 MP: 4/6
   986 | D:1      | Reached XP level 3. HP: 18/18 MP: 7/7
  1533 | D:2      | Noticed Sigmund
  1549 | D:2      | Slain by Sigmund

Skill      XL: |  1  2  3 |
---------------+----------+-----
Fighting       | 1 |  1.5
Dodging        | 2 |  2.0
Unarmed Combat | |  3.3
Spellcasting   | |  2.7
Transmutations | |  2.5

Action                   || total
-------------------------++-------
Melee: Unarmed           ||    76
       Bite              ||    14
       Kick              ||     3
       Headbutt          ||     5
       Punch             ||     2
 Cast: Beastly Appendage ||    11
  Use: Potion            ||     3
       Scroll            ||     3
 Stab: Sleeping          ||     1
  Eat: Chunk             ||     2
Armor: Robe              ||    11
Dodge: Dodged            ||    40
